 Dungeon Crawl Stone Soup version 0.21.0-24-g2553a33 (webtiles) character file.

1190 Monsterracer the Chopper (level 8, -1/73 HPs)
             Began as a Deep Dwarf Fire Elementalist on Jan 21, 2018.
             Was an Initiate of Makhleb.
             Slain by a gnoll sergeant
             ... wielding a +0 spear
              (6 damage)
             ... on level 6 of the Dungeon.
             The game lasted 00:11:33 (6390 turns).

Monsterracer the Chopper (DDFE)                     Turns: 6390, Time: 00:11:34

Health: -1/73      AC:  9    Str: 13    XL:     8   Next: 19%
Magic:  12/16      EV: 13    Int: 17    God:    Makhleb [......]
Gold:   368        SH:  0    Dex: 13    Spells: 9/10 levels left

rFire    . . .     SeeInvis .   a - +0 hand axe (vamp)
rCold    . . .     Gourm    .   (no shield)
rNeg     . . .     Faith    .   e - +0 troll leather armour {Purgy}
rPois    .         Spirit   .   i - +1 helmet
rElec    .         Reflect  .   (no cloak)
rCorr    .         Harm     .   j - +0 pair of gloves
MR       +....                  d - +1 pair of boots
Stlth    ++........             (no amulet)
HPRegen  0.00/turn              p - ring of magical power
MPRegen  0.15/turn              (no ring)

@: very slightly contaminated, non-regenerating
A: damage resistance, heal wounds, sense surroundings 1, no regeneration
a: Heal Wounds, Renounce Religion


You were on level 6 of the Dungeon.
You worshipped Makhleb.
Makhleb was noncommittal.
You were hungry.

You visited 2 branches of the dungeon, and saw 7 of its levels.
You also visited: Sewer.

You collected 368 gold pieces.

Inventory:

Hand Weapons
 a - a +0 vampiric hand axe (weapon)
 b - a +1 flail
Armour
 d - a +1 pair of boots (worn)
 e - a +0 troll leather armour (worn) {Purgy}
 i - a +1 helmet (worn)
 j - a +0 pair of gloves (worn)
 m - a +0 chain mail
Jewellery
 p - a ring of magical power (left hand)
Wands
 g - a wand of iceblast (10)
Scrolls
 k - 3 scrolls of teleportation
Potions
 f - a potion of might {unknown}
 h - a potion of flight
 l - 2 potions of heal wounds {unknown}
 n - 3 potions of curing
 o - 2 potions of brilliance {unknown}
 q - 3 potions of agility {unknown}
 s - a potion of lignification {unknown}
Comestibles
 c - 5 rations


   Skills:
 + Level 4.5 Fighting
 * Level 7.4 Axes
 + Level 2.0 Armour
 + Level 4.2 Dodging
 - Level 2.4 Stealth
 - Level 1.7 Spellcasting
 - Level 0.8 Conjurations
 - Level 2.6 Fire Magic
 + Level 2.3 Invocations


You had 9 spell levels left.
You knew the following spells:

 Your Spells              Type           Power        Failure   Level  Hunger
a - Flame Tongue          Conj/Fire      #....        12%         1    #......


Dungeon Overview and Level Annotations

Branches:
Dungeon (6/15)             Temple (1/1) D:6

Altars:
Ashenzari
Cheibriados
Dithmenos
Elyvilon
Gozag
Hepliaklqana
Kikubaaqudgha
Makhleb
Nemelex Xobeh
Okawaru
Qazlal
Ru
Sif Muna
Trog
Uskayaw
Vehumet
Wu Jian
Xom
Yredelemnul
Zin
The Shining One


Innate Abilities, Weirdness & Mutations

You are resistant to damage.
You can heal yourself by infusing magical energy.
You passively map a small area around you.
You do not regenerate.


Message History

Press: ? - help, Shift-Dir - straight line, f/p - gnoll
Aim: a gnoll, wielding a spear (severely wounded)
The flame tongue hits the gnoll.
You kill the gnoll!
Makhleb accepts your kill.
The gnoll sergeant hits you but does no damage.
You now have 11/16 mp.
Casting: Flame Tongue
Confirm with . or Enter, or press ? or * to list all spells.
Aiming: Flame Tongue
Press: ? - help, Shift-Dir - straight line, f - gnoll sergeant
Aim: a gnoll sergeant, wielding a spear and wearing a scale mail The flame tongue hits the gnoll sergeant.
The gnoll sergeant is lightly wounded.
The gnoll sergeant misses you.
You now have 10/16 mp.
Casting: Flame Tongue
Confirm with . or Enter, or press ? or * to list all spells.
Aiming: Flame Tongue
Press: ? - help, Shift-Dir - straight line, f/p - gnoll sergeant
Aim: a gnoll sergeant, wielding a spear and wearing a scale mail (lightly wounded)
You miscast Flame Tongue.
You hear a sizzling sound.
The gnoll sergeant hits you from afar with a spear!
* * * LOW HITPOINT WARNING * * *
You take 4 damage, and have 11/73 hp.
The gnoll sergeant barely misses you.
Things that are here:
a spear; a gnoll corpse You completely miss the gnoll sergeant.
The gnoll sergeant is lightly wounded.
The gnoll sergeant completely misses you.
You hit the gnoll sergeant but do no damage.
The gnoll sergeant is lightly wounded.
The gnoll sergeant hits you but does no damage.
You hit the gnoll sergeant but do no damage.
The gnoll sergeant is lightly wounded.
The gnoll sergeant hits you with a spear.
Unknown command.
You closely miss the gnoll sergeant.
The gnoll sergeant is lightly wounded.
The gnoll sergeant barely misses you.
You hit the gnoll sergeant.
You feel better.
The gnoll sergeant is lightly wounded.
The gnoll sergeant hits you with a spear.
* * * LOW HITPOINT WARNING * * *
You take 1 damage, and have 10/73 hp.
You barely miss the gnoll sergeant.
The gnoll sergeant is lightly wounded.
The gnoll sergeant hits you with a spear.
* * * LOW HITPOINT WARNING * * *
You take 1 damage, and have 9/73 hp.
You hit the gnoll sergeant but do no damage.
The gnoll sergeant is lightly wounded.
The gnoll sergeant hits you but does no damage.
You hit the gnoll sergeant.
You feel better.
The gnoll sergeant is lightly wounded.
The gnoll sergeant hits you with a spear.
* * * LOW HITPOINT WARNING * * *
You hit the gnoll sergeant.
You feel better.
The gnoll sergeant is moderately wounded.
The gnoll sergeant hits you but does no damage.
You regained 4 hp, and now have 13/73 hp.
You hit the gnoll sergeant.
The gnoll sergeant is heavily wounded.
Unknown command.
You closely miss the gnoll sergeant.
The gnoll sergeant is heavily wounded.
The gnoll sergeant hits you with a spear.
* * * LOW HITPOINT WARNING * * *
You take 3 damage, and have 10/73 hp.
You slash the gnoll sergeant!
You feel better.
The gnoll sergeant is severely wounded.
You hear a shout!
The gnoll sergeant barely misses you.
You regained 3 hp, and now have 13/73 hp.
You hit the gnoll sergeant but do no damage.
The gnoll sergeant is severely wounded.
The gnoll sergeant hits you but does no damage.
Unknown command.
You hit the gnoll sergeant but do no damage.
The gnoll sergeant is severely wounded.
The gnoll sergeant hits you but does no damage.
You barely miss the gnoll sergeant.
The gnoll sergeant is severely wounded.
The gnoll sergeant hits you with a spear!
* * * LOW HITPOINT WARNING * * *
You take 6 damage, and have 7/73 hp.
You hit the gnoll sergeant but do no damage.
The gnoll sergeant is severely wounded.
The gnoll sergeant hits you with a spear.
* * * LOW HITPOINT WARNING * * *
You take 2 damage, and have 5/73 hp.
You hit the gnoll sergeant but do no damage.
The gnoll sergeant is severely wounded.
The gnoll sergeant hits you with a spear.
You hit the gnoll sergeant but do no damage.
The gnoll sergeant is severely wounded.
The gnoll sergeant hits you with a spear!
You die...

*.# * ## *
*... * * .#
*, .. , .#
.. , .# * .#
,* .# *
*###.#* .#
,gg., , * .#
#g# * * *
.## * #@# *
..# * #.# *
..#####. #.#
, ........
#.# * *
..######*
##.## * *
(.###
##...###.# *
....#
#........#
###.#
###....###.#
.#
####.#.#.##


You could see a gnoll sergeant and 2 gnolls.

Vanquished Creatures
  Sigmund (D:5)
  Purgy (Sewer)
  An ice beast (D:6)
  2 ogres
  2 centaurs (D:6)
  A scorpion (D:5)
  A howler monkey (D:4)
  A hound (D:4)
  A bullfrog skeleton (D:6)
  2 iguanas
  2 orc wizards
  A worker ant (D:4)
  A hound zombie (D:5)
  A worker ant zombie (D:6)
  Robin (D:1)
  A gnoll (D:6)
  5 adders
  A shadow imp (D:5)
  An adder zombie (D:5)
  A worm (D:2)
  A leopard gecko (D:3)
  15 orcs
  11 giant cockroaches
  16 goblins
  19 hobgoblins
  9 jackals
  11 kobolds
  A quokka (D:6)
  2 ball pythons
  5 bats
  A frilled lizard (D:2)
  A quokka zombie (D:5)
  7 rats
127 creatures vanquished.

Notes
Turn   | Place    | Note
-------+----------+-------------------------------------------
     0 | D:1      | Monsterracer the Deep Dwarf Fire Elementalist began the quest for the Orb.
     0 | D:1      | Reached XP level 1. HP: 15/15 MP: 3/3
    77 | D:1      | Reached skill level 1 in Fighting
   198 | D:1      | Reached XP level 2. HP: 25/25 MP: 2/4
   822 | D:2      | Noticed Robin
   829 | D:2      | Reached XP level 3. HP: 29/33 MP: 2/5
   857 | D:1      | Killed Robin
  1162 | D:2      | HP: 17/34 [adder (1)]
  1253 | D:2      | HP: 15/34 [hobgoblin (2)]
  1255 | D:2      | Reached XP level 4. HP: 19/42 MP: 2/6
  1528 | D:2      | Reached skill level 1 in Axes
  2421 | D:3      | Reached skill level 2 in Axes
  2801 | D:3      | HP: 16/42 [orc wizard/puff of flame (9)]
  2808 | D:3      | HP: 10/42 [orc/hand axe (1)]
  2816 | D:3      | HP: 5/42 [orc/hand axe (5)]
  2824 | D:3      | Reached skill level 3 in Axes
  2824 | D:3      | Reached XP level 5. HP: 34/49 MP: 7/7
  3164 | D:3      | HP: 23/49 [orc/mace (5)]
  3530 | D:4      | Found a glowing drain.
  3546 | Sewer    | Entered a sewer
  3558 | Sewer    | Noticed Purgy
  3571 | Sewer    | Killed Purgy
  3571 | Sewer    | Reached skill level 4 in Axes
  3612 | Sewer    | Reached XP level 6. HP: 46/56 MP: 8/8
  3957 | D:4      | Reached skill level 5 in Axes
  4011 | D:4      | Found a sacrificial altar of Ru.
  4419 | D:5      | Entered Level 5 of the Dungeon
  4522 | D:6      | Noticed an ice beast
  4529 | D:6      | HP: 25/57 [ice beast (11)]
  4531 | D:6      | Killed an ice beast
  4531 | D:6      | Reached skill level 6 in Axes
  4531 | D:6      | Reached XP level 7. HP: 27/63 MP: 9/9
  4537 | D:6      | HP: 14/63 [centaur (4)]
  4542 | D:6      | HP: 8/63 [centaur (4)]
  4650 | D:6      | Found a staircase to the Ecumenical Temple.
  4671 | Temple   | Entered the Ecumenical Temple
  4778 | Temple   | Became a worshipper of Makhleb the Destroyer
  4847 | D:5      | HP: 32/64 [shadow imp (3)]
  4943 | D:5      | Reached skill level 1 in Invocations
  5239 | D:5      | Reached skill level 1 in Armour
  5544 | D:5      | Noticed Sigmund
  5552 | D:5      | HP: 25/64 [something (8)]
  5557 | D:5      | Reached skill level 7 in Axes
  5560 | D:5      | HP: 27/66 [something (6)]
  5565 | D:5      | HP: 11/66 [something (9)]
  5570 | D:5      | HP: 20/66 [something/magic dart (3)]
  5575 | D:5      | Killed Sigmund
  5575 | D:5      | Reached XP level 8. HP: 30/73 MP: 7/7
  5803 | D:5      | HP: 29/73 [adder (1)]
  6270 | D:6      | HP: 29/73 [bullfrog skeleton (1)]
  6325 | D:6      | HP: 24/73 [iguana (2)]
  6335 | D:6      | HP: 17/73 [iguana (3)]
  6361 | D:6      | HP: 13/73 [gnoll/spear (5)]
  6371 | D:6      | HP: 11/73 [gnoll sergeant/spear (4)]
  6377 | D:6      | HP: 10/73 [gnoll sergeant/spear (2)]
  6383 | D:6      | HP: 10/73 [gnoll sergeant/spear (3)]
  6388 | D:6      | HP: 5/73 [gnoll sergeant/spear (2)]
  6390 | D:6      | Slain by a gnoll sergeant

Skill      XL: |  1  2  3  4  5  6  7  8 |
---------------+-------------------------+-----
Fighting       | 1 2 3 4 |  4.5
Axes           | 3 4 6 7 |  7.4
Dodging        | 3 4 |  4.2
Invocations    | 2 |  2.3
Armour         | 1 2 |  2.0
Stealth        | |  2.4
Spellcasting   | |  1.7
Conjurations   | |  0.8
Fire Magic     | |  2.6

Action                   |  1- 3 |  4- 6 |  7- 9 || total
-------------------------+-------+-------+-------++-------
Melee: Unarmed           |     5 |       |       ||     5
       Short sword       |    65 |       |       ||    65
       Hand axe          |       |    37 |   247 ||   284
 Cast: Flame Tongue      |    44 |   136 |    59 ||   239
 Abil: Heal Wounds       |       |     3 |     6 ||     9
  Use: Scroll            |       |    11 |     1 ||    12
 Stab: Sleeping          |     3 |       |     1 ||     4
  Eat: Chunk             |     2 |    13 |     5 ||    20
       Ration            |       |       |     2 ||     2
Armor: Robe              |    15 |    27 |       ||    42
       Troll leather arm |       |    12 |   101 ||   113
Dodge: Dodged            |    57 |    90 |   142 ||   289

Vault maps used:
D:1:      dpeg_arrival_subterranean_lakeside_camping
D:2:      kennysheep_six_static_rooms, guppyfry_early_orc_mine, uniq_robin
D:3:      first_ration, minmay_goblin_outpost
D:4:      cheibrodos_sewer_entry_drain, hangedman_ru_absence
D:5:      grunt_ministairs_7, mrwooster_statue_mirror, uniq_sigmund
D:6:      minmay_temple_entry_junction, minmay_misc_feat_roman
Temple:   nicolae_temple_the_god_donut
Sewer:    kennysheep_door_sewer
